 Dungeon Crawl Stone Soup version 0.24.0-1-gfbc8707 (webtiles) character file.

Game seed: 9337458962634833615, levelgen mode: deterministic

42 Illumine the Ruffian (level 3, -4/36 HPs)
             Began as a Troll Monk on Nov 15, 2019.
             Killed by divine providence
             ... invoked by an orc priest
              (13 damage)
             ... on level 4 of the Dungeon.
             The game lasted 00:01:39 (728 turns).

Illumine the Ruffian (Troll Monk)                    Turns: 728, Time: 00:01:40

Health: -4/36      AC:  6    Str: 19    XL:     3   Next: 33%
Magic:  2/2        EV: 11    Int:  6    God:
Gold:   34         SH:  0    Dex: 13    Spells: 2/2 levels left

rFire    . . .     SeeInvis .     - Unarmed
rCold    . . .     Gourm    +   (no shield)
rNeg     . . .     Faith    .   a - +0 robe
rPois    .         Spirit   .   (helmet restricted)
rElec    .         Reflect  .   (no cloak)
rCorr    .         Harm     .   (gloves unavailable)
MR       .....                  (boots unavailable)
Stlth    ++........             (no amulet)
HPRegen  0.52/turn              (no ring)
MPRegen  0.08/turn              (no ring)

@: no status effects
A: large, unfitting armour, claws 3, fast metabolism 3, gourmand, regeneration
1, shaggy fur 1, tough skin 3
a: no special abilities


You were on level 4 of the Dungeon.
You were hungry.

You visited 1 branch of the dungeon, and saw 5 of its levels.

You collected 34 gold pieces.

Inventory:

Armour
 a - a +0 robe (worn)
Scrolls
 d - a scroll of teleportation {unknown}
 e - a scroll of remove curse {unknown}
 f - a scroll of identify {unknown}
Potions
 c - 2 potions of brilliance {unknown}
Comestibles
 b - 4 rations


   Skills:
 - Level 2.4 Fighting
 + Level 2.8 Dodging
 - Level 1.0 Stealth
 * Level 4.0 Unarmed Combat


You had 2 spell levels left.
You didn't know any spells.
Your spell library was empty.

Dungeon Overview and Level Annotations

Branches:
Dungeon (5/15)
 Temple: D:4-7

Altars:


Innate Abilities, Weirdness & Mutations

You are too large for most types of armour.
You have claws for hands.
Your metabolism is lightning-fast.
You like to eat raw meat.
Your natural rate of healing is unusually fast.
You are covered in fur. (AC +1)
You have extremely tough skin. (AC +3)


Message History

The orc priest invokes the aid of Beogh against you.
Beogh smites you!
An orc opens the door.
A goblin comes into view.
The goblin shouts!
Found a leather armour.
A kobold comes into view.
You barely miss the orc.
The kobold shouts!
The orc priest calls down the wrath of Beogh upon you.
Beogh smites you!
* * * LOW HITPOINT WARNING * * *
The orc hits you but does no damage.
The orc priest looks encouraged for a moment.
The orc hits you but does no damage.
You hear a shout!
You closely miss the orc. The goblin hits you but does no damage.
Something unseen opens the door.
The orc closely misses you.
The orc priest calls down the wrath of Beogh upon you.
Beogh smites you!
You die...

...# ...# ###..#
#.#o.## #.?...#
#...oo #.oo###'#
#@g.K.# #.#..[#
### #.######## #..
#........#######..
#.................
###...#########...
#..............#.
##.####..####..#.
#.# #..#<....#.


You could see 3 orc priests, 2 orcs, a goblin and a kobold.

Vanquished Creatures
  An adder (D:3)
  7 orcs
  A ball python (D:3)
  6 goblins (D:1)
  2 hobgoblins
  2 jackals (D:4)
  A frilled lizard (D:1)
  A kobold (D:1)
  2 rats
23 creatures vanquished.

Notes
Turn   | Place    | Note
-------+----------+-------------------------------------------
     0 | D:1      | Illumine the Troll Monk began the quest for the Orb.
     0 | D:1      | Reached XP level 1. HP: 22/22 MP: 0/0
   321 | D:1      | Reached XP level 2. HP: 29/29 MP: 1/1
   582 | D:4      | Reached XP level 3. HP: 36/36 MP: 2/2
   594 | D:5      | Entered Level 5 of the Dungeon
   620 | D:4      | Reached skill level 4 in Unarmed Combat
   728 | D:4      | Killed from afar by an orc priest

Levels and vault maps discovered:
D:1:      zelgadis_glass_arrival_small, layout_basic
D:2:      layout_loops_ring, makhleb_heckhound_becter, uniq_jessica
D:3:      layout_loops_corners, lemuel_round_altar, fedhas_altar_1,
          grunt_ministairs_10, uniq_crazy_yiuf_cottage
D:4:      corexii_shantytown, layout_basic, old_standard_altar,
          grunt_dithmenos_smoke, nemelex_xobeh_ov_fountains_minmay,
          minmay_temple_entry_trees
D:5:      layout_rooms, first_ration, nemelex_dance_club_becter

Skill      XL: |  1  2  3 |
---------------+----------+-----
Unarmed Combat | 4 |  4.0
Fighting       | |  2.4
Dodging        | |  2.8
Stealth        | |  1.0

Action                   || total
-------------------------++-------
Melee: Unarmed           ||    48
 Stab: Sleeping          ||     2
  Eat: Chunk             ||     3
Armor: Robe              ||    14
Dodge: Dodged            ||    18
